 Dungeon Crawl Stone Soup version 0.19.0-24-gb05acd6 (console) character file.

4996 Kloppie the Impaler (level 10, -6/79 HPs)
             Began as a Merfolk Berserker on Nov 22, 2016.
             Was a High Priest of Trog.
             Mangled by an ogre
             ... wielding a +0 giant club
              (24 damage)
             ... on level 10 of the Dungeon.
             The game lasted 00:11:01 (7664 turns).

Kloppie the Impaler (Merfolk Berserker)             Turns: 7664, Time: 00:11:02

Health: -6/79      AC:  8    Str: 18    XL:     10   Next: 54%
Magic:  10/10      EV: 18    Int:  9    God:    Trog [*****.]
Gold:   68         SH:  0    Dex: 17    Spells: 0 memorised, 9 levels left

rFire  . . .     SeeInvis .     b - +9 glaive {protect, Int+3 Stlth+}
rCold  . . .     Gourm    .     o - +0 scale mail
rNeg   + . .     Faith    +     (shield currently unavailable)
rPois  .         Spirit   .     (no helmet)
rElec  .         Reflect  .     q - +0 cloak
rCorr  .         Harm     .     m - +0 pair of gloves
MR     ++...                    (no boots)
Stlth  +.........               w - amulet of faith
                                J - ring of positive energy
                                E - +3 ring of evasion

@: lethally poisoned (-6 -> -6), regenerating
A: change form in water, swift swim, stealthy swim
a: Berserk, Trog's Hand, Brothers in Arms, Burn Spellbooks, Renounce Religion


You were on level 10 of the Dungeon.
You worshipped Trog.
Trog was extremely pleased with you.
You were hungry.

You visited 1 branch of the dungeon, and saw 10 of its levels.

You collected 436 gold pieces.
You spent 368 gold pieces at shops.

Inventory:

Hand Weapons
 a - a +1 spear of flaming
 b - the +9 glaive of the Gloaming (weapon) {protect, Int+3 Stlth+}
   (You bought it in a shop on level 8 of the Dungeon)

   It protects the one who uses it against injury (+AC on strike).
   It affects your intelligence (+3).
   It makes you more stealthy.
Armour
 m - a +0 pair of gloves (worn)
 o - a +0 scale mail (worn)
 q - a +0 cloak (worn)
Jewellery
 k - an uncursed amulet of the gourmand
 w - an amulet of faith (around neck)
 E - a +3 ring of evasion (left hand)
 J - a ring of positive energy (right hand)
 L - an uncursed amulet of guardian spirit {unknown}
Wands
 e - a wand of disintegration (13/24)
Scrolls
 f - 2 scrolls of enchant weapon
 g - 3 scrolls of teleportation
 x - 3 scrolls of remove curse
 A - 2 scrolls of recharging
 G - a scroll of noise
 H - a scroll of fog
Potions
 d - 2 potions of might
 j - a potion of invisibility
 l - 4 potions of curing
 n - 2 potions of flight
 p - 2 potions of haste
 s - 3 potions of brilliance
 t - a potion of berserk rage
 z - a potion of resistance
 C - 2 potions of heal wounds
 D - a potion of lignification {unknown}
Comestibles
 c - 8 bread rations
 h - 2 meat rations
 i - a chunk of flesh
 F - a slice of pizza


   Skills:
 + Level 7.0 Fighting
 * Level 16.8 Polearms
 - Level 2.1 Armour
 - Level 8.8 Dodging


You had 9 spell levels left.
You didn't know any spells.

Dungeon Overview and Level Annotations

Branches:
Dungeon (10/15)            Temple (0/1) D:4
   Lair: D:8-11         Orc: D:9-12

Altars:
Ashenzari
Gozag
Kikubaaqudgha
Okawaru
Trog

Shops:
D:8 (

Annotations:
D:10 Josephine, Snorg


Message History

Trog accepts your kill.
Your Fighting skill increases to level 7!
You feel sick. Snorg misses you. Snorg barely misses you. Snorg claws you.
* * * LOW HITPOINT WARNING * * *
The sentinel's mark upon you fades away.
You feel sick.
Snorg goes berserk!
An ogre comes into view. It is wielding a giant club.
An orc comes into view. It is wielding a whip.
The orc shouts!
An orc comes into view. It is wielding a war axe.
The orc shouts!
Things that are here:
3 stones; a kobold corpse Your skin crawls.
You feel resistant to hostile enchantments.
You feel somewhat more hungry.
You feel sick. Snorg closely misses you. Snorg misses you. Snorg claws you!
* * * LOW HITPOINT WARNING * * *
The ogre hits you with a giant club!!
You die...

.. ... ....
##############....
#..T@O...o........
#g####)((........#
#.# #.)...o.....#
#g# #....<(.....#
#.# #......(.####
#g# #....######
#Y# #....# #.#
#....# #O# #....#


You could see Snorg (berserk), an ogre, a gnoll and 2 orcs.

Vanquished Creatures
  The ghost of gitgud34 the Cleaver, a journeyman DDFi of Makhleb (D:9)
  A two-headed ogre (D:8)
  A hungry ghost (D:9)
  A water moccasin (D:6)
  2 orc warriors (D:6)
  2 sky beasts
  An ice beast (D:7)
  An ogre (D:10)
  2 necrophages
  3 centaurs
  2 big kobolds
  Blork the orc (D:5)
  7 bullfrogs
  2 scorpions
  14 killer bees
  3 howler monkeys
  2 vampire bats (D:2)
  3 crimson imps
  A quasit (D:8)
  3 bullfrog skeletons
  6 hounds
  A jelly (D:9)
  4 orc priests
  A centaur skeleton (D:4)
  5 orc wizards
  Jessica (D:3)
  4 iguanas
  5 worker ants
  A killer bee zombie (D:8)
  2 hound skeletons
  A worker ant zombie (D:6)
  3 gnolls (D:4)
  7 adders
  A howler monkey skeleton (D:5)
  2 shadow imps
  An adder zombie (D:6)
  4 worms
  2 dart slugs
  4 leopard geckos
  30 orcs
  3 bat skeletons (D:2)
  4 bat zombies (D:2)
  2 giant cockroaches
  11 goblins
  13 hobgoblins
  9 jackals
  8 quokkas
  A ball python (D:3)
  8 bats
  3 frilled lizards
  A jackal zombie (D:6)
  21 kobolds
  A quokka skeleton (D:4)
  A quokka zombie (D:6)
  9 rats
233 creatures vanquished.

Vanquished Creatures (others)
  3 fungi (D:10)
  A plant (D:10)
4 creatures vanquished.

Grand Total: 237 creatures vanquished

Notes
Turn   | Place    | Note
-------+----------+-------------------------------------------
     0 | D:1      | Kloppie the Merfolk Berserker began the quest for the Orb.
     0 | D:1      | Reached XP level 1. HP: 18/18 MP: 1/1
   289 | D:1      | Reached skill level 5 in Polearms
   289 | D:1      | Reached XP level 2. HP: 24/24 MP: 2/2
   605 | D:1      | Reached XP level 3. HP: 26/30 MP: 3/3
   946 | D:2      | Reached ** piety under Trog
  1140 | D:2      | Reached skill level 6 in Polearms
  1260 | D:2      | Reached XP level 4. HP: 25/37 MP: 4/4
  1765 | D:2      | Found an ancient bone altar of Kikubaaqudgha.
  1774 | D:2      | Reached skill level 7 in Polearms
  1774 | D:2      | Reached XP level 5. HP: 28/42 MP: 5/5
  2130 | D:3      | Reached skill level 8 in Polearms
  2287 | D:3      | Noticed Jessica
  2297 | D:3      | Killed Jessica
  2297 | D:3      | Reached XP level 6. HP: 49/49 MP: 6/6
  2304 | D:3      | Reached *** piety under Trog
  3243 | D:4      | Reached skill level 9 in Polearms
  3351 | D:4      | Found a staircase to the Ecumenical Temple.
  3456 | D:4      | Reached XP level 7. HP: 55/55 MP: 7/7
  3643 | D:4      | Reached **** piety under Trog
  3921 | D:5      | Entered Level 5 of the Dungeon
  3921 | D:5      | Noticed Blork the orc
  3941 | D:5      | Killed Blork the orc
  3941 | D:5      | Reached skill level 10 in Polearms
  4247 | D:5      | Found an iron altar of Okawaru.
  4247 | D:5      | Found a faded altar of an unknown god.
  4253 | D:5      | Found a faded altar of an unknown god.
  4255 | D:5      | Found a faded altar of an unknown god.
  4257 | D:5      | Found a faded altar of an unknown god.
  4661 | D:5      | Found a bloodstained altar of Trog.
  5112 | D:6      | Reached skill level 11 in Polearms
  5115 | D:6      | Reached skill level 5 in Dodging
  5115 | D:6      | Reached XP level 8. HP: 61/61 MP: 8/8
  5257 | D:6      | Reached skill level 12 in Polearms
  5808 | D:7      | Reached skill level 13 in Polearms
  5808 | D:7      | Reached XP level 9. HP: 66/66 MP: 9/9
  6187 | D:7      | Reached ***** piety under Trog
  6187 | D:7      | Reached skill level 14 in Polearms
  6436 | D:8      | Noticed a two-headed ogre
  6444 | D:8      | Killed a two-headed ogre
  6510 | D:8      | Found Sotuqosch's Antique Weapon Shoppe.
  6556 | D:8      | Bought a smoking glaive for 368 gold pieces
  6556 | D:8      | Identified the +9 glaive of the Gloaming {protect, Int+3 Stlth+} (You bought it in a shop on level 8 of the Dungeon)
  6958 | D:8      | Found a shattered altar of Ashenzari.
  6958 | D:8      | Found an opulent altar of Gozag.
  7001 | D:9      | Reached skill level 5 in Fighting
  7001 | D:9      | Reached skill level 15 in Polearms
  7089 | D:9      | Reached XP level 10. HP: 47/74 MP: 10/10
  7117 | D:9      | Noticed gitgud34's ghost (journeyman DDFi)
  7126 | D:9      | Killed gitgud34's ghost
  7126 | D:9      | Reached skill level 16 in Polearms
  7590 | D:10     | Entered Level 10 of the Dungeon
  7636 | D:10     | Noticed Snorg
  7649 | D:10     | Noticed Josephine
  7664 | D:10     | Mangled by an ogre

Skill      XL: |  1  2  3  4  5  6  7  8  9 10 |
---------------+-------------------------------+-----
Polearms       | 5 6 7 8 9 11 13 15 16 | 16.8
Fighting       | 4 5 7 |  7.0
Armour         | 2 |  2.1
Dodging        | 3 5 7 8 |  8.8

Action                   |  1- 3 |  4- 6 |  7- 9 | 10-12 || total
-------------------------+-------+-------+-------+-------++-------
Melee: Spear             |   122 |   291 |   393 |       ||   806
       Glaive            |       |       |    62 |    83 ||   145
Invok: Berserk           |       |     2 |     9 |     1 ||    12
       Trog's Hand       |       |       |       |     1 ||     1
  Use: Scroll            |       |     7 |    15 |     3 ||    25
 Stab: Sleeping          |     2 |     1 |       |       ||     3
  Eat: Chunk             |     1 |     9 |    20 |     2 ||    32
Armor: Animal skin       |    12 |    24 |       |       ||    36
       Scale mail        |       |    45 |    57 |    18 ||   120
Dodge: Dodged            |    52 |   125 |   248 |    65 ||   490
